 Dungeon Crawl Stone Soup version 0.31-a0-819-gf6de2f5ab6 (webtiles) character file.

Game seed: 7380435053828617784

13 DApurpleWHUMPUS the Ogre Mage (level 2, -4/24 HPs)
             Began as an Ogre Fire Elementalist on Sept 24, 2023.
             Frozen to death by an endoplasm (5 damage)
             ... on level 1 of the Dungeon.
             The game lasted 00:02:06 (726 turns).

DApurpleWHUMPUS the Ogre Mage (OgFE)                 Turns: 726, Time: 00:02:07

Health: -4/24      AC:  3    Str: 11    XL:     2   Next: 37%
Magic:  0/6        EV:  9    Int: 16    God:
Gold:   39         SH:  0    Dex:  9    Spells: 4/7 levels left

rFire   . . .        c - +1 dagger
rCold   . . .        (no shield)
rNeg    . . .        a - +0 robe
rPois   .            (helmet restricted)
rElec   .            (no cloak)
rCorr   .            (gloves unavailable)
SInv    .            (boots unavailable)
Will    .....        (no amulet)
Stlth   +            (no ring)
HPRegen 0.24/turn    (no ring)
MPRegen 0.10/turn

%: no passive effects
@: hasted, very quick
A: large, unfitting armour, tough skin 1
a: no special abilities


You were on level 1 of the Dungeon.
You visited 1 branch of the dungeon, and saw 1 of its levels.

You collected 39 gold pieces.

Inventory:

Hand Weapons
 c - a +1 dagger (weapon)
Armour
 a - a +0 robe (worn)
Potions
 b - a potion of magic


   Skills:
 - Level 1.7 Dodging
 - Level 1.4 Stealth
 * Level 3.0 Spellcasting
 + Level 1.2 Conjurations
 + Level 2.8 Fire Magic


You had 4 spell levels left.
You knew the following spells:

 Your Spells              Type           Power      Damage    Failure   Level
a - Foxfire               Conj/Fire      36%        2x1d5     9%          1
b - Scorch                Fire           22%        2d5       9%          2

Your spell library contained the following spells:

 Spells                   Type           Power      Damage    Failure   Level
 Inner Flame              Hex/Fire       7%         N/A       30%         3
 Volatile Blastmotes      Fire/Tloc      14%        2d11      30%         3
 Flame Wave               Conj/Fire      9%         2d6       63%         4


Dungeon Overview and Level Annotations

Branches:
Dungeon (1/15)

Altars:


Innate Abilities, Weirdness & Mutations

You are too large for most types of armour.
You have tough skin. (AC +1)


Message History

The quokka barely misses you. x2
You miss the quokka.
The quokka is moderately wounded.
The quokka bites you but does no damage.
You barely miss the quokka.
The quokka is moderately wounded.
A jackal comes into view.
The quokka barely misses you.
As you read the scroll labelled ZIMPYI AMUIQ, it crumbles to dust.
It is a scroll of enchant weapon.
Your +0 dagger glows red for a moment.
The quokka barely misses you.
Casting: Foxfire (safe; 9% risk of failure)
Confirm with . or Enter, or press ? or * to list all spells.
You conjure some foxfire!
The jackal barks!
The quokka barely misses you.
You completely miss the quokka.
The quokka is moderately wounded.
The foxfire hits the quokka.
You kill the quokka!
You barely miss the jackal.
The jackal is severely wounded.
The jackal barely misses you. The endoplasm freezes you.
You are frozen.
* * * LOW HITPOINT WARNING * * *
You aren't carrying any scrolls.
Unknown command.
It was a potion of haste.
You feel yourself speed up. The jackal bites you.
* * * LOW HITPOINT WARNING * * *
The endoplasm closely misses you. The jackal bites you.
* * * LOW HITPOINT WARNING * * *
Casting: Foxfire (safe; 9% risk of failure)
Confirm with . or Enter, or press ? or * to list all spells.
You don't have enough magic to cast this spell.
You hit the jackal.
You kill the jackal!
The endoplasm freezes you.
You are frozen.
You die...

#...####....#......#
###.##
#..................#
#####...####
#...####...........#
............ #...#
#.....##.####
.###........ ###.#
#........####..#
#........ # #.#
#....#r.......#
#........ ###.#
#....#.#..#†###
#........ ....##
#....#)####>#
#........ .....#
#....#r.h@#r#
#........ )....#
#....####J#.#
#........ .....#
#....# .h#.#
#........ .....#
###### .....#
#........ .....#
....### #........
.....# .....#
########. .....#
......# #. .....####
........ #.
........# #.


You could see an endoplasm, 2 jackals and a rat.

Vanquished Creatures
  5 jackals (D:1)
  A quokka (D:1)
  2 ball pythons (D:1)
  3 bats (D:1)
  A frilled lizard (D:1)
  A kobold (D:1)
  A rat (D:1)
14 creatures vanquished.

Vanquished Creatures (others)
  27 foxfires (D:1)
27 creatures vanquished.

Grand Total: 41 creatures vanquished

Notes
Turn   | Place    | Note
-------+----------+-------------------------------------------
     0 | D:1      | DApurpleWHUMPUS the Ogre Fire Elementalist began the quest
                  | for the Orb.
     0 | D:1      | Reached XP level 1. HP: 16/16 MP: 3/3
   264 | D:1      | Reached skill level 1 in Conjurations
   312 | D:1      | Reached XP level 2. HP: 18/24 MP: 0/5
   396 | D:1      | Learned a level 2 spell: Scorch
   694 | D:1      | Reached skill level 3 in Spellcasting
   725 | D:1      | HP: 1/24 [jackal (1)]
   726 | D:1      | Frozen to death by an endoplasm

Illustrated notes

Levels and vault maps discovered:
D:1:      minmay_arrival_floating_metal, layout_basic

Skill      XL: |  1  2 |
---------------+-------+-----
Conjurations   | 1 |  1.2
Spellcasting   | 3 |  3.0
Dodging        | |  1.7
Stealth        | |  1.4
Fire Magic     | |  2.8

Action                     || total
---------------------------++-------
  Melee: Unarmed           ||    26
         Dagger            ||    10
   Cast: Foxfire           ||    23
    Use: Scroll            ||     1
         Potion            ||     1
 Armour: Robe              ||    60
  Dodge: Dodged            ||    53

Table legend: (Time is in decaauts)
 A = Elapsed time spent in this place.
 B = Non-inter-level travel time spent in this place.
 C = Inter-level travel time spent in this place.
 D = Time resting spent in this place.
 E = Time spent auto-exploring this place.
 F = Levels seen in this place.
 G = Mean time per level.
                   A        B        C        D        E       F      G
               +--------+--------+--------+--------+--------+-----+--------+
         Total |    725 |    720 |      5 |    133 |    423 |   1 |  725.0 |
       Dungeon |    725 |    720 |      5 |    133 |    423 |   1 |  725.0 |
               +--------+--------+--------+--------+--------+-----+--------+

Top non-repeatable levels by time:
     D:1: 725 daAuts
